Description

Push con 2 reapers y un cyclon

el 2do cyclone es defensivo..

gl hf

Replay - Dayshi v MythiC: Game 1 - Abyssal Reef LE

Build Order

Get SALT Encoding   

  12  0:01  SCV  
  13  0:13  SCV  
  14  0:17  Supply Depot  
  14  0:25  SCV  
  15  0:29  Refinery  
  15  0:38  SCV  
  16  0:46  Barracks  
  16  0:51  SCV  
  17  0:58  Refinery  
  17  1:03  SCV  
  18  1:18  SCV  
  19  1:33  Orbital Command  
  19  1:34  Reaper  
  19  1:37  Factory  
  20  1:48  Supply Depot  
  20  2:01  SCV  
  21  2:06  Reaper  
  22  2:13  SCV  
  23  2:20  Cyclone  
  23  2:22  Starport  
  26  2:28  Supply Depot  
  26  2:31  SCV  
  27  2:39  Barracks Tech Lab  
  28  3:03  Cloaking Field  
  28  3:04  Banshee  
  31  3:32  Cyclone, Marine  
  36  3:34  Command Center  
  36  3:37  Supply Depot  
  37  3:49  Supply Depot  
  38  4:05  Barracks Reactor  
  38  4:10  Raven  
  42  4:30  Factory Tech Lab  
  42  4:42  Marine x2  
  42  4:44  Barracks x2  
  42  4:55  Siege Tank  
  46  5:05  Marine x2  
  48  5:09  Orbital Command  
  50  5:28  Engineering Bay  
  50  5:29  Starport Reactor  
  50  5:30  Marine  
  50  5:31  Stimpack  
  50  5:33  Barracks Reactor  
  52  5:44  Siege Tank  
  57  5:52  Marine  
  58  6:09  Marine x2  
  60  6:13  Refinery x2  
  60  6:14  Viking x2  
  59  6:27  Marine  
  65  6:41  Siege Tank  
  70  6:51  Terran Infantry Weapons Level 1  
  79  7:21  Siege Tank  
  83  7:31  Medivac x2  
  83  7:36  Combat Shields  
  94  7:59  Siege Tank  
  86  8:18  Command Center  
  88  8:26  Medivac  
  91  8:31  Medivac  
  94  8:46  Terran Infantry Armor Level 1  
  98  8:50  Siege Tank  
  100  9:22  Siege Tank  
  89  9:34  Orbital Command  
  94  9:39  Barracks x2  
  94  9:45  Medivac x2  
  100  9:53  Orbital Command  
Spawning Tool Build Advisor. Get it on Overwolf

Go to:

Details

  • Created by: Morwidsc_2
  • Published on: Sep 20, 2017
  • Modified on: Sep 20, 2017
  • Patch: 3.8.0
Show
View Real Time Build Order
Export as new Build Order

Comments (0)

There are no comments. Be the first!

Create an account to comment!